Map: En périphérie de Nulpar EC

Players

teetie

  • Race: Terran Terran
  • League: Master
  • Spawn Location: 11:00

zuka - Winner!

  • Race: Protoss Protoss
  • League: Master
  • Spawn Location: 5:00

VOD

Have the link to the VOD?

Description

Time

  • Played on: April 22, 2018, 3:16 p.m.
  • Length: 7:24
Show
View Real Time Build Order
Export as new Build Order

teetie Terran 

Build Orders: Reaper Expand 

Get SALT Encoding   

  12  0:01  SCV  
  13  0:13  SCV  
  14  0:16  Supply Depot  
  14  0:25  SCV  
  15  0:38  SCV  
  15  0:40  Barracks  
  16  0:46  Refinery  
  16  0:50  SCV  
  17  1:02  SCV  
  18  1:14  SCV  
  19  1:28  Orbital Command  
  19  1:29  Reaper  
  20  1:40  Command Center  
  20  1:50  Supply Depot  
  20  1:53  SCV  
  21  1:58  Refinery  
  21  2:01  Marine  
  21  2:06  SCV  
  23  2:18  SCV  
  23  2:19  Factory  
  24  2:30  SCV  
  24  2:32  Barracks Reactor  
  25  2:42  SCV  
  26  2:53  Orbital Command  
  26  2:56  SCV  
  27  3:04  Cyclone  
  27  3:05  Barracks  
  30  3:08  SCV  
  30  3:09  Marine x2  
  33  3:19  SCV, Engineering Bay  
  34  3:20  SCV  
  35  3:28  Marine  
  35  3:29  Marine  
  35  3:31  SCV  
  35  3:32  SCV  
  38  3:43  SCV, Factory Tech Lab  
  38  3:44  SCV  
  38  3:45  Terran Infantry Weapons Level 1  
  38  3:46  Supply Depot  
  40  3:52  Barracks Tech Lab  
  40  3:53  Marine x2  
  40  3:55  SCV  
  43  3:56  SCV  
  43  3:59  Starport  
  44  4:06  Refinery  
  44  4:07  Supply Depot, SCV  
  44  4:08  Siege Tank  
  44  4:09  SCV  
  49  4:19  SCV  
  49  4:20  Marine x3, Stimpack  
  53  4:25  SCV  
  54  4:31  SCV  
  54  4:36  Starport Reactor  
  55  4:40  Supply Depot  
  55  4:42  SCV  
  56  4:45  Supply Depot  
  56  4:46  SCV, Command Center  
  56  4:49  Marauder  
  59  4:53  Marine x2  
  61  5:05  SCV  
  62  5:13  Medivac x2, Barracks x2  
  62  5:14  SCV, Barracks  
  62  5:24  Missile Turret, Siege Tank  
  64  5:35  Missile Turret  
  64  5:39  Marine x2, Marauder  
  65  5:45  Medivac  
  65  5:48  SCV  
  65  5:51  SCV  
  65  5:56  Marine  
  65  5:57  Marine  
  66  6:01  Marauder  
  66  6:03  Barracks Tech Lab  
  70  6:04  SCV  
  70  6:05  SCV  
  72  6:17  SCV  
  72  6:18  Refinery  
  72  6:22  Marauder  
  73  6:26  Marine x2  
  75  6:38  Marauder  
  77  6:44  Supply Depot  
  77  6:45  Marauder  
  79  6:47  Supply Depot, SCV  
  79  6:48  SCV  
  79  6:49  Supply Depot  
  79  6:53  Marine x2  
  67  6:59  Marauder  
Show
View Real Time Build Order
Export as new Build Order

zuka Protoss - Winner!

Build Orders: 1 Gate Expand, Dark Templar Rush 

Get SALT Encoding   

  12  0:01  Probe  
  13  0:13  Probe  
  14  0:18  Pylon  
  14  0:23  Probe  
  15  0:32  Probe  
  15  0:38  Gateway  
  15  0:41  Probe  
  16  0:48  Assimilator  
  17  0:52  Probe  
  18  1:00  Probe  
  18  1:08  Probe  
  20  1:25  Nexus  
  20  1:34  Cybernetics Core  
  20  1:37  Probe  
  21  1:45  Assimilator  
  21  1:49  Probe  
  21  1:54  Pylon  
  22  2:01  Probe  
  22  2:02  Stalker  
  23  2:13  Probe  
  26  2:15  Warp Gate  
  26  2:26  Probe  
  27  2:32  Stalker  
  29  2:38  Probe  
  29  2:40  Probe  
  31  2:50  Probe  
  32  2:52  Probe  
  32  2:56  Pylon  
  33  3:02  Probe  
  33  3:04  Twilight Council  
  33  3:05  Probe  
  35  3:14  Probe  
  35  3:15  Probe  
  35  3:17  Robotics Facility  
  37  3:23  Probe  
  37  3:26  Probe  
  38  3:32  Probe  
  39  3:38  Probe  
  39  3:39  Shield Battery  
  39  3:40  Assimilator  
  41  3:44  Probe  
  41  3:46  Dark Shrine  
  42  3:49  Pylon  
  42  3:56  Gateway  
  42  3:57  Gateway, Warp Prism  
  42  4:00  Probe  
  42  4:01  Probe  
  46  4:20  Stalker  
  46  4:22  Shield Battery  
  48  4:24  Immortal  
  48  4:29  Assimilator  
  48  4:37  Charge  
  52  4:41  Probe x2, Gateway  
  54  4:50  Gateway  
  54  4:52  Shadow Stride  
  54  4:59  Dark Templar x2  
  58  5:00  Dark Templar  
  60  5:12  Gateway  
  58  5:36  Probe  
  58  5:37  Zealot  
  58  5:41  Gateway, Pylon  
  58  5:42  Pylon  
  61  5:45  Gateway  
  61  5:47  Pylon  
  61  5:50  Pylon  
  61  5:55  Gateway  
  61  6:00  Dark Templar  
  61  6:01  Dark Templar x2  
  61  6:02  Dark Templar  
  69  6:05  Pylon  
  69  6:32  Dark Templar x2  
  71  6:33  Dark Templar  
  71  6:35  Zealot, Dark Templar  
  71  6:36  Zealot  
  75  6:56  Zealot x2  
  75  6:57  Zealot x2  
  83  7:06  Zealot x3  
Tags
 
Add a new tag
Caveats
  • Supply blocks, unpowered buildings, or Contaminate may cause inaccurate times.
  • Supply counts are checked every 10 seconds.